PAA
LANNISTER UNITED LIONHEARTS @ SALEM MISFITS
07/26/2029
 
TOP OF THE 1ST
Lannister United Lionhearts batting - Pitching for Salem Misfits : RHP Damien Hayward
Pitching: RHP Damien Hayward
Batting: LHB Ashley Thachi 0-0: Ball
1-0: Ball
2-0: Ball
3-0: Called Strike
3-1: Called Strike
3-2: Strikes out looking
Batting: LHB Ramón García 0-0: Ball
1-0: Called Strike
1-1: Called Strike
1-2: Strikes out swinging
Batting: RHB Chong-yee Au-Yong 0-0: Ball
1-0: Ball
2-0: Called Strike
2-1: Swinging Strike
2-2: Strikes out swinging
Top of the 1st over - 0 runs, 0 hits, 0 errors, 0 left on base; Lannister United 0 - Salem 0
BOTTOM OF THE 1ST
Salem Misfits batting - Pitching for Lannister United Lionhearts : LHP Earl Farley
Pitching: LHP Earl Farley
Batting: LHB José Cuervo 0-0: Ground out 4-3 (Groundball, 4)
Batting: RHB Robinson Barquero 0-0: Ball
1-0: Called Strike
1-1: Ball
2-1: Foul Ball, location: 2F
2-2: Ball
3-2: Base on Balls
Batting: LHB Austin Hathaway 0-0: Foul Ball, location: 2F
0-1: Ball
1-1: Ball
2-1: Foul Ball, location: 2F
2-2: Foul Ball, location: 2F
2-2: Strikes out looking
Batting: LHB Cris Gonzáles 0-0: Ball
Throwing error on steal attempt, E2
Robinson Barquero to third
1-0: Ball
2-0: Foul Ball, location: 2F
2-1: DOUBLE (Popup, 6MD)
Robinson Barquero scores
Batting: RHB Vicente Andros 0-0: Ball
1-0: Called Strike
1-1: Ball
2-1: SINGLE (Groundball, 6D)
Cris Gonzáles to third
Runner from 3rd tries for Home, SAFE, no throw
Batting: RHB Jason Ward 0-0: Ball
1-0: Called Strike
1-1: Foul Ball, location: 2F
1-2: Ball
2-2: Fly out, F4 (Line Drive, 4M)
Bottom of the 1st over - 2 runs, 2 hits, 1 error, 1 left on base; Lannister United 0 - Salem 2
TOP OF THE 2ND
Lannister United Lionhearts batting - Pitching for Salem Misfits : RHP Damien Hayward
Batting: LHB Juan Macíel 0-0: Called Strike
0-1: SINGLE (Line Drive, 8LS)
Batting: LHB Sting Ray Robb 0-0: Ball
1-0: Ball
2-0: SINGLE (Groundball, 34D)
Juan Macíel to second
Runner from 2nd tries for 3rd, SAFE, no throw
Batting: RHB Mareka Naidoo 0-0: Called Strike
0-1: Ball
1-1: Called Strike
1-2: Ball
2-2: Ball
Sting Ray Robb steals 2nd base
3-2: Strikes out looking
Batting: RHB Breanainn Swartwood 0-0: Called Strike
0-1: Foul Ball, location: 2F
0-2: Ball
1-2: Foul Ball, location: 2F
1-2: Foul Ball, location: 2F
1-2: Ball
2-2: Foul Ball, location: 2F
2-2: Strikes out swinging
Batting: RHB José García 0-0: Ball
1-0: Swinging Strike
1-1: Ground out 5-3 (Groundball, 5L)
Top of the 2nd over - 0 runs, 2 hits, 0 errors, 2 left on base; Lannister United 0 - Salem 2
BOTTOM OF THE 2ND
Salem Misfits batting - Pitching for Lannister United Lionhearts : LHP Earl Farley
Batting: LHB Rodrigo Gómez 0-0: Called Strike
0-1: Ball
1-1: Called Strike
1-2: Ball
2-2: Strikes out swinging
Batting: RHB Paul O'Neill 0-0: Ground out 5-3 (Groundball, 5)
Batting: LHB Tyler Knopp 0-0: Called Strike
0-1: Fly out, F9 (Flyball, 9S)
Bottom of the 2nd over - 0 runs, 0 hits, 0 errors, 0 left on base; Lannister United 0 - Salem 2
TOP OF THE 3RD
Lannister United Lionhearts batting - Pitching for Salem Misfits : RHP Damien Hayward
Batting: RHB Howard Barton 0-0: Called Strike
0-1: Ball
1-1: Fly out, F9 (Flyball, 89M)
Batting: LHB Ashley Thachi 0-0: Swinging Strike
0-1: Ball
1-1: Fly out, F8 (Flyball, 8RXD)
Batting: LHB Ramón García 0-0: Ball
1-0: Foul Ball, location: 2F
1-1: Ball
2-1: Ground out 3-1 (Groundball, 34D)
Top of the 3rd over - 0 runs, 0 hits, 0 errors, 0 left on base; Lannister United 0 - Salem 2
BOTTOM OF THE 3RD
Salem Misfits batting - Pitching for Lannister United Lionhearts : LHP Earl Farley
Batting: LHB José Cuervo 0-0: Called Strike
0-1: Foul Ball, location: 2F
0-2: Strikes out swinging
Batting: RHB Robinson Barquero 0-0: Ball
1-0: Called Strike
1-1: Ball
2-1: Foul Ball, location: 2F
2-2: Ball
3-2: Foul Ball, location: 2F
3-2: Foul Ball, location: 2F
3-2: Reached on error, E9 (Flyball, 9)
Batting: LHB Austin Hathaway 0-0: Called Strike
0-1: Ball
1-1: Ball
Throwing error on steal attempt, E2
Robinson Barquero to third
2-1: Ball
3-1: Foul Ball, location: 2F
3-2: Foul Ball, location: 2F
3-2: 2-RUN HOME RUN (Flyball, 9D), Distance : 379 ft
Batting: LHB Cris Gonzáles 0-0: Ball
1-0: Called Strike
1-1: Foul Ball, location: 2F
1-2: Strikes out swinging, 2-3 out at first.
Batting: RHB Vicente Andros 0-0: Called Strike
0-1: SINGLE (Groundball, 34D)
Batting: RHB Jason Ward 0-0: Ball
1-0: Ball
2-0: Fly out, F9 (Flyball, 9LM)
Bottom of the 3rd over - 2 runs, 2 hits, 2 errors, 1 left on base; Lannister United 0 - Salem 4
TOP OF THE 4TH
Lannister United Lionhearts batting - Pitching for Salem Misfits : RHP Damien Hayward
Batting: RHB Chong-yee Au-Yong 0-0: Called Strike
0-1: Ground out 5-3 (Groundball, 5L)
Batting: LHB Juan Macíel 0-0: Ball
1-0: Called Strike
1-1: Foul Ball, location: 2F
1-2: Fly out, F8 (Flyball, 8LD)
Batting: LHB Sting Ray Robb 0-0: Called Strike
0-1: Called Strike
0-2: Ground out 3-1 (Groundball, 3D)
Top of the 4th over - 0 runs, 0 hits, 0 errors, 0 left on base; Lannister United 0 - Salem 4
BOTTOM OF THE 4TH
Salem Misfits batting - Pitching for Lannister United Lionhearts : LHP Earl Farley
Batting: LHB Rodrigo Gómez 0-0: Called Strike
0-1: Ball
1-1: Swinging Strike
1-2: Ball
2-2: Ball
3-2: Base on Balls
Batting: RHB Paul O'Neill 0-0: Called Strike
0-1: Fielders Choice at 2nd, 6-4 (Groundball, 6)
Batting: LHB Tyler Knopp 0-0: Fielders Choice at 2nd, 4-6 (Groundball, 4)
Batting: LHB José Cuervo 0-0: Swinging Strike
0-1: SINGLE (Groundball, 4MD)
Tyler Knopp to second
Batting: RHB Robinson Barquero 0-0: Ball
1-0: Called Strike
1-1: Ball
2-1: Foul Ball, location: 2F
2-2: Fielders Choice at 2nd, 5-4 (Groundball, 56)
Bottom of the 4th over - 0 runs, 1 hit, 0 errors, 2 left on base; Lannister United 0 - Salem 4
TOP OF THE 5TH
Lannister United Lionhearts batting - Pitching for Salem Misfits : RHP Damien Hayward
Batting: RHB Mareka Naidoo 0-0: Called Strike
0-1: Called Strike
0-2: Ball
1-2: Ball
2-2: Foul Ball, location: 2F
2-2: Strikes out swinging
Batting: RHB Breanainn Swartwood 0-0: Called Strike
0-1: Called Strike
0-2: Ball
1-2: Strikes out swinging
Batting: RHB José García 0-0: Foul Ball, location: 2F
0-1: Ball
1-1: Ball
2-1: Foul Ball, location: 2F
2-2: Ground out 4-3 (Groundball, 4D)
Top of the 5th over - 0 runs, 0 hits, 0 errors, 0 left on base; Lannister United 0 - Salem 4
BOTTOM OF THE 5TH
Salem Misfits batting - Pitching for Lannister United Lionhearts : LHP Earl Farley
Batting: LHB Austin Hathaway 0-0: Foul Ball, location: 2F
0-1: Called Strike
0-2: SINGLE (Line Drive, 6D)
Batting: LHB Cris Gonzáles 0-0: Fielders Choice at 2nd, 5-4 (Groundball, 56)
Batting: RHB Vicente Andros 0-0: Ball
1-0: Called Strike
1-1: Called Strike
1-2: Ball
2-2: Ball
3-2: Base on Balls
Cris Gonzáles to second
Batting: RHB Jason Ward 0-0: Ball
1-0: SINGLE (Groundball, 56D)
Cris Gonzáles to third
Vicente Andros to second
Runner from 3rd tries for Home, SAFE, throw made home
Batting: LHB Rodrigo Gómez 0-0: Foul Ball, location: 2F
0-1: Ball
1-1: Foul Ball, location: 2F
1-2: Ball
2-2: Ground out 5-3 (Groundball, 56S)
Vicente Andros to third
Jason Ward to second
Batting: RHB Paul O'Neill 0-0: Ball
1-0: Foul Ball, location: 2F
1-1: Foul Ball, location: 2F
1-2: Foul Ball, location: 2F
1-2: Strikes out swinging
Bottom of the 5th over - 1 run, 2 hits, 0 errors, 2 left on base; Lannister United 0 - Salem 5
TOP OF THE 6TH
Lannister United Lionhearts batting - Pitching for Salem Misfits : RHP Damien Hayward
Batting: RHB Howard Barton 0-0: Foul Ball, location: 2F
0-1: Foul Ball, location: 2F
0-2: Fly out, F7 (Flyball, 7S)
Batting: LHB Ashley Thachi 0-0: Swinging Strike
0-1: Ball
1-1: Ball
2-1: Ball
3-1: Swinging Strike
3-2: Strikes out swinging
Batting: LHB Ramón García 0-0: Ball
1-0: Ground out 4-3 (Groundball, 4)
Top of the 6th over - 0 runs, 0 hits, 0 errors, 0 left on base; Lannister United 0 - Salem 5
BOTTOM OF THE 6TH
Salem Misfits batting - Pitching for Lannister United Lionhearts : LHP Earl Farley
Batting: LHB Tyler Knopp 0-0: Called Strike
0-1: Ground out 4-3 (Groundball, 4)
Batting: LHB José Cuervo 0-0: Foul Ball, location: 2F
0-1: Ball
1-1: Ball
2-1: Ball
3-1: Base on Balls
Pitching: RHP Pak Dong Hyeon
Batting: RHB Robinson Barquero 0-0: Called Strike
0-1: SINGLE (Line Drive, 5D)
José Cuervo to second
Batting: LHB Austin Hathaway 0-0: Ball
José Cuervo steals 3rd base
1-0: Called Strike
1-1: Foul Ball, location: 2F
1-2: Ball
2-2: Strikes out swinging
Batting: LHB Cris Gonzáles 0-0: Called Strike
0-1: Fly out, F8 (Flyball, 8LD)
Bottom of the 6th over - 0 runs, 1 hit, 0 errors, 2 left on base; Lannister United 0 - Salem 5
TOP OF THE 7TH
Lannister United Lionhearts batting - Pitching for Salem Misfits : RHP Damien Hayward
Batting: RHB Chong-yee Au-Yong 0-0: Ball
1-0: Ball
2-0: Ball
3-0: Called Strike
3-1: Ground out 5-3 (Groundball, 56)
Batting: LHB Juan Macíel 0-0: Ball
1-0: Foul Ball, location: 2F
1-1: Ball
2-1: Ball
3-1: Called Strike
3-2: Strikes out looking
Batting: LHB Sting Ray Robb 0-0: Ball
1-0: Ground out 5-3 (Groundball, 56S)
Top of the 7th over - 0 runs, 0 hits, 0 errors, 0 left on base; Lannister United 0 - Salem 5
BOTTOM OF THE 7TH
Salem Misfits batting - Pitching for Lannister United Lionhearts : RHP Pak Dong Hyeon
Batting: RHB Vicente Andros 0-0: Ball
1-0: Foul Ball, location: 2F
1-1: Foul Ball, location: 2F
1-2: Ball
2-2: Ball
3-2: Fly out, F8 (Flyball, 8RD)
Batting: RHB Jason Ward 0-0: Swinging Strike
0-1: Fly out, F3 (Popup, 34S)
Batting: LHB Rodrigo Gómez 0-0: Swinging Strike
0-1: Foul Ball, location: 2F
0-2: Strikes out swinging
Bottom of the 7th over - 0 runs, 0 hits, 0 errors, 0 left on base; Lannister United 0 - Salem 5
TOP OF THE 8TH
Lannister United Lionhearts batting - Pitching for Salem Misfits : RHP Damien Hayward
Now at C: Austin Case
Batting: RHB Mareka Naidoo 0-0: Ball
1-0: Ball
2-0: Called Strike
2-1: Ball
3-1: Called Strike
3-2: Foul Ball, location: 2F
3-2: Base on Balls
Batting: RHB Breanainn Swartwood 0-0: Ball
1-0: Ball
2-0: Swinging Strike
2-1: Ball
3-1: Base on Balls
Mareka Naidoo to second
Batting: RHB José García 0-0: SINGLE (Line Drive, 9S)
Mareka Naidoo to third
Breanainn Swartwood to second
Batting: RHB Howard Barton 0-0: Called Strike
0-1: Ball
1-1: Ball
2-1: Grounds into DOUBLE play, U5-4-3
2-1: Grounds into DOUBLE play, U5-4-3 (Groundball, 5L)
Mareka Naidoo scores
Pitching: RHP Kelly Henry
Batting: LHB Ashley Thachi 0-0: Ball
1-0: Ball
2-0: Swinging Strike
2-1: Ball
3-1: Base on Balls
Howard Barton to second
Batting: LHB Ramón García 0-0: Ball
1-0: Swinging Strike
1-1: SINGLE (Groundball, 4) (infield hit)
Howard Barton to third
Ashley Thachi to second
Batting: RHB Chong-yee Au-Yong 0-0: Foul Ball, location: 2F
0-1: Called Strike
0-2: Foul Ball, location: 2F
0-2: Fly out, F2 (Popup, 2LF)
Top of the 8th over - 1 run, 2 hits, 0 errors, 3 left on base; Lannister United 1 - Salem 5
BOTTOM OF THE 8TH
Salem Misfits batting - Pitching for Lannister United Lionhearts : RHP Pak Dong Hyeon
Batting: RHB Paul O'Neill 0-0: Ball
1-0: Foul Ball, location: 2F
1-1: Ball
2-1: Foul Ball, location: 2F
2-2: SINGLE (Line Drive, 89S)
Batting: LHB Tyler Knopp 0-0: Bunt - Flyout! F1
Batting: LHB José Cuervo 0-0: Ball
1-0: 2-RUN HOME RUN (Flyball, 9LD), Distance : 363 ft
Batting: RHB Robinson Barquero 0-0: Ball
1-0: Ground out 5-3 (Groundball, 56)
Batting: LHB Austin Hathaway 0-0: Foul Ball, location: 2F
0-1: Swinging Strike
0-2: Foul Ball, location: 2F
0-2: Fly out, F5 (Flyball, 56D)
Bottom of the 8th over - 2 runs, 2 hits, 0 errors, 0 left on base; Lannister United 1 - Salem 7
TOP OF THE 9TH
Lannister United Lionhearts batting - Pitching for Salem Misfits : RHP Kelly Henry
Batting: LHB Juan Macíel 0-0: SINGLE (Groundball, 6MD)
Batting: LHB Sting Ray Robb 0-0: Ball
1-0: Ball
2-0: Foul Ball, location: 2F
2-1: Fielders Choice at 2nd, 6-4 (Groundball, 6D)
Batting: RHB Mareka Naidoo 0-0: Foul Ball, location: 2F
0-1: Ball
1-1: Swinging Strike
1-2: Ball
2-2: Foul Ball, location: 2F
2-2: Foul Ball, location: 2F
2-2: Foul Ball, location: 2F
2-2: Foul Ball, location: 2F
2-2: Fly out, F7 (Flyball, 7S)
Batting: RHB Breanainn Swartwood 0-0: Ball
1-0: Foul Ball, location: 2F
1-1: Swinging Strike
1-2: Ball
2-2: SINGLE (Line Drive, 89S)
Sting Ray Robb to second
Batting: RHB José García 0-0: DOUBLE (Line Drive, 3D)
Sting Ray Robb scores
Breanainn Swartwood to third
Batting: RHB Howard Barton 0-0: Called Strike
0-1: Ball
1-1: Called Strike
1-2: Strikes out looking
Top of the 9th over - 1 run, 3 hits, 0 errors, 2 left on base; Lannister United 2 - Salem 7
Tuesday, December 19th, 2017 - OOTP Baseball 18.8 Build 76